Map: Dusty Gorge

Players

Massa - Winner!

  • Race: Terran Terran
  • League: Gold
  • Spawn Location: 5:00

qqq - Winner!

  • Race: Zerg Zerg
  • League: Platinum
  • Spawn Location: 3:00

Grom

  • Race: Protoss Protoss
  • League: Platinum
  • Spawn Location: 11:00

kekc

  • Race: Protoss Protoss
  • League: Platinum
  • Spawn Location: 9:00

VOD

Have the link to the VOD?

Description

Time

  • Played on: May 30, 2020, 8:19 a.m.
  • Length: 3:20
Show
View Real Time Build Order
Export as new Build Order

Massa Terran - Winner!

Build Orders:  

Get SALT Encoding   

  12  0:12  Supply Depot  
  12  0:15  SCV  
  13  0:27  SCV  
  14  0:36  Barracks  
  14  0:44  SCV  
  15  1:18  SCV  
  16  1:24  Marine  
  17  1:26  Supply Depot  
  17  1:30  SCV  
  18  1:41  Marine  
  18  1:42  SCV  
  18  1:43  Barracks  
  18  1:45  Barracks  
  20  1:59  Marine, Barracks  
  21  2:17  Marine  
  22  2:26  Orbital Command  
  22  2:32  Marine  
  22  2:34  Marine  
  22  2:35  Marine  
  25  2:42  Refinery, Supply Depot  
  25  2:50  Marine  
  25  2:51  Marine  
  26  2:52  Marine  
  26  2:53  Marine  
Show
View Real Time Build Order
Export as new Build Order

qqq Zerg - Winner!

Build Orders: Pool First 

Get SALT Encoding   

  12  0:19  Spawning Pool  
  11  0:23  Drone  
  11  0:28  Drone  
  13  0:31  Extractor  
  12  0:41  Overlord  
  12  0:47  Drone  
  13  0:50  Drone  
  14  1:01  Drone  
  15  1:12  Zergling x2  
  15  1:14  Queen  
  18  1:19  Zergling x2  
  19  1:31  Zergling x2  
  20  1:37  Metabolic Boost  
  20  1:41  Overlord  
  20  1:50  Zergling x2  
  21  2:01  Zergling x2  
  22  2:19  Hatchery  
  22  2:20  Zergling x2  
  22  2:25  Drone  
  22  2:27  Zergling x2  
  24  2:33  Zergling x2  
  25  2:39  Zergling x2  
  26  2:47  Zergling x2  
  27  3:00  Zergling x6  
Show
View Real Time Build Order
Export as new Build Order

Grom Protoss 

Build Orders:  

Get SALT Encoding   

  12  0:02  Probe  
  13  0:17  Pylon  
  13  0:19  Probe (Chrono Boost)  
  15  0:30  Probe (Chrono Boost)  
  15  0:54  Probe  
  16  1:06  Probe  
  16  1:10  Assimilator  
  17  1:14  Assimilator  
  17  1:18  Probe (Chrono Boost)  
  17  1:23  Gateway  
  17  1:24  Gateway  
  18  1:30  Probe (Chrono Boost)  
  19  1:35  Probe (Chrono Boost)  
  20  1:45  Probe  
  21  1:57  Probe  
  21  2:22  Cybernetics Core  
  21  2:25  Probe (Chrono Boost)  
  23  2:37  Probe (Chrono Boost)  
  23  2:47  Nexus  
  23  2:57  Pylon  
  23  2:59  Probe  
Show
View Real Time Build Order
Export as new Build Order

kekc Protoss 

Build Orders:  

Get SALT Encoding   

  12  0:01  Probe  
  13  0:18  Pylon  
  13  0:19  Probe (Chrono Boost)  
  15  0:29  Probe (Chrono Boost)  
  15  0:35  Probe  
  16  0:49  Gateway  
  16  0:55  Assimilator, Probe  
  17  1:07  Probe (Chrono Boost)  
  18  1:12  Forge  
  18  1:19  Probe (Chrono Boost)  
  19  1:35  Probe  
  20  1:53  Cybernetics Core  
  20  1:59  Assimilator  
  20  2:02  Nexus, Probe  
  21  2:14  Probe  
  22  2:17  Pylon  
  22  2:26  Probe  
  23  2:36  Robotics Facility  
  23  2:45  Photon Cannon, Probe (Chrono Boost)  
  24  2:54  Probe (Chrono Boost)  
  25  3:02  Pylon  
Tags
 
Add a new tag
Caveats
  • Supply blocks, unpowered buildings, or Contaminate may cause inaccurate times.
  • Supply counts are checked every 10 seconds.